 Dungeon Crawl Stone Soup version 0.29-a0-468-ge57f7f99b4 (webtiles) character file.

Game seed: 1956079085330142618

393 dolemite99 the Cleaver (level 6, -1/51 HPs)
             Began as a Minotaur Fighter on May 22, 2022.
             Was a Believer of Okawaru.
             Slain by Edmund
             ... wielding a +7 vorpal flail
              (2 damage)
             ... on level 4 of the Dungeon.
             The game lasted 00:03:23 (3569 turns).

dolemite99 the Cleaver (Minotaur Fighter)           Turns: 3569, Time: 00:03:23

Health: -1/51      AC: 11    Str: 23    XL:     6   Next: 51%
Magic:  5/5        EV:  6    Int:  5    God:    Okawaru [**....]
Gold:   297        SH:  4    Dex:  9    Spells: 5/5 levels left

rFire   . . .      SeeInvis .   a - +0 war axe
rCold   . . .      Faith    .   c - +0 buckler
rNeg    . . .      Spirit   .   p - +0 plate armour
rPois   .          Reflect  .   (helmet restricted)
rElec   .          Harm     .   (no cloak)
rCorr   .          Rampage  .   (no gloves)
Will    .....                   (no boots)
Stlth   ..........              (no amulet)
HPRegen 0.17/turn               l - ring of flight
MPRegen 0.09/turn               (no ring)

@: mighty, flying
A: horns 2, retaliatory headbutt
a: Renounce Religion, Heroism


You were on level 4 of the Dungeon.
You worshipped Okawaru.
Okawaru was pleased with you.
You visited 1 branch of the dungeon, and saw 4 of its levels.

You collected 297 gold pieces.

Inventory:

Hand Weapons
 a - a +0 war axe (weapon)
 s - a +1 vorpal flail
Missiles
 q - 49 stones (quivered)
 r - 14 poisoned darts
Armour
 c - a +0 buckler (worn)
 h - a +0 chain mail
 p - a +0 plate armour (worn)
Magical Staves
 b - a staff of poison
 g - a staff of poison
Jewellery
 e - an amulet of faith
 l - a ring of flight (left hand)
Wands
 i - a wand of digging (5)
 v - a wand of charming (3)
Scrolls
 f - a scroll of immolation
 j - 2 scrolls of amnesia
 m - 3 scrolls of vulnerability {unknown}
 n - 3 scrolls of fog
 o - a scroll of noise
Potions
 d - a potion of might
 k - a potion of curing
 t - a potion of ambrosia
 u - a potion of lignification {unknown}


   Skills:
 - Level 3.6 Fighting
 + Level 8.5 Axes
 - Level 3.6 Armour
 - Level 3.6 Shields


You had 5 spell levels left.
You didn't know any spells.
Your spell library contained the following spells:

 Spells                   Type           Power      Damage    Failure   Level
 Sting                    Tmut/Pois      0%         1d3       100%        1
 Poisonous Vapours        Pois/Air       0%         N/A       100%        2
 Olgreb's Toxic Radiance  Pois           0%         N/A       100%        4


Dungeon Overview and Level Annotations

Branches:
Dungeon (4/15)
 Temple: D:4-7

Altars:
Makhleb
Okawaru
Sif Muna

Annotations:
D:4 Edmund


Innate Abilities, Weirdness & Mutations

You have a pair of horns on your head.
You reflexively headbutt those who attack you in melee.


Message History

HP restored.
k - 2 potions of curing (gained 1)
Things that are here:
a +0 club; a goblin corpse Edmund the Younger comes into view.
He is wielding a +7 vorpal flail.
Found a scroll labelled EPUEDO NAKLAWAWK.
Edmund shouts!
Edmund is nearby!
You feel very mighty all of a sudden. You block Edmund's attack.
A hound comes into view.
Edmund hits you with a +7 vorpal flail!
You barely miss Edmund.
The hound barks!
Edmund hits you with a +7 vorpal flail!
You slash Edmund! You headbutt Edmund.
Edmund is heavily wounded.
You block Edmund's attack. Edmund hits you with a +7 vorpal flail.
You closely miss Edmund.
Edmund is heavily wounded.
You block Edmund's attack.
You slash Edmund!
Edmund is severely wounded.
Edmund hits you with a +7 vorpal flail. The hound bites you but does no damage.
You hit Edmund but do no damage. You headbutt Edmund!
Edmund is almost dead.
You slash the hound! The hound bites you but does no damage.
Edmund hits you with a +7 vorpal flail.
You closely miss Edmund.
Edmund is almost dead.
You closely miss the hound.
The hound bites you but does no damage. x2
Edmund hits you with a +7 vorpal flail!
* * * LOW HITPOINT WARNING * * *
x2 You feel better.
The hound barely misses you. You furiously retaliate!
You headbutt the hound!
You kill the hound!
Okawaru accepts your kill. Edmund hits you with a +7 vorpal flail!
* * * LOW HITPOINT WARNING * * *
You die...

.................. .#..
.######.########## #..
#..# .. ####.## #######
. ####....## ##.......
###........## #.....?..
#...........####........
.............##.........
#...............@.......
#...............@.......
#.#..>.........###......
###............# #....#
#............## #####
#..)..........#
##............#
##...........#
#.......)..##


You could see Edmund.

Vanquished Creatures
  A phantom (D:4)
  Blork the orc (D:4)
  A scorpion (D:4)
  An orc priest (D:4)
  2 hounds (D:4)
  6 adders
  A worm (D:3)
  2 dart slugs
  9 orcs
  5 ball pythons
  4 endoplasms
  4 giant cockroaches
  6 goblins
  2 hobgoblins
  6 kobolds
  9 quokkas
  2 bats
  2 frilled lizards (D:1)
  7 rats
71 creatures vanquished.

Notes
Turn   | Place    | Note
-------+----------+-------------------------------------------
     0 | D:1      | dolemite99 the Minotaur Fighter began the quest for the
                  | Orb.
     0 | D:1      | Reached XP level 1. HP: 19/19 MP: 0/0
   126 | D:1      | Noticed a shining eye
   128 | D:1      | Found a faded altar of an unknown god.
   130 | D:1      | Noticed a golden eye
   132 | D:1      | Noticed a golden eye
   132 | D:1      | Noticed an eye of devastation
   140 | D:1      | Reached skill level 3 in Axes
   151 | D:1      | Prayed at the altar of an unknown god.
   151 | D:1      | Became a worshipper of Warmaster Okawaru
   151 | D:1      | Reached * piety under Okawaru
   358 | D:1      | Reached XP level 2. HP: 25/26 MP: 1/1
   713 | D:1      | Reached skill level 4 in Axes
  1007 | D:2      | Reached XP level 3. HP: 31/31 MP: 2/2
  1128 | D:2      | Found a burning altar of Makhleb.
  1553 | D:2      | Reached skill level 5 in Axes
  1738 | D:3      | Reached XP level 4. HP: 37/39 MP: 3/3
  2864 | D:4      | Reached skill level 6 in Axes
  3023 | D:4      | Reached XP level 5. HP: 37/45 MP: 4/4
  3250 | D:4      | Reached skill level 7 in Axes
  3254 | D:4      | Noticed Blork the orc
  3265 | D:4      | Killed Blork the orc
  3266 | D:4      | Reached skill level 8 in Axes
  3266 | D:4      | Reached XP level 6. HP: 41/51 MP: 5/5
  3455 | D:4      | Found a shimmering blue altar of Sif Muna.
  3507 | D:4      | Reached ** piety under Okawaru
  3559 | D:4      | Noticed Edmund
  3569 | D:4      | HP: 1/51 [Edmund/+7 vorpal flail (12)]
  3569 | D:4      | Slain by Edmund

Illustrated notes

Levels and vault maps discovered:
D:1:      ebering_hopf_link, layout_loops_ring,
          hellmonk_ecumenical_altar_watching_god,
          hangedman_decor_clover_reticule, hex_large, minmay_pentomino_p2
D:2:      layout_rooms, basic_altar, serial_glass, glass_columns_b,
          glass_columns_a, glass_columns_b, glass_columns_b, glass_columns_a,
          glass_columns_b, due_unseen_surprise
D:3:      layout_rooms
D:4:      layout_cave_pods, general_overflow_altar, kennysheep_generic_room_9,
          uniq_edmund, uniq_blork_the_orc

Skill      XL: |  1  2  3  4  5 |
---------------+----------------+-----
Axes           | 3 4 5 6 8 |  8.5
Fighting       | |  3.6
Armour         | |  3.6
Shields        | |  3.6

Action                   |  1- 3 |  4- 6 || total
-------------------------+-------+-------++-------
Melee: War axe           |    82 |    77 ||   159
       Headbutt          |    11 |    15 ||    26
Throw: Stone             |       |    10 ||    10
Evoke: Wand              |       |     1 ||     1
  Use: Scroll            |     8 |     3 ||    11
       Potion            |       |     4 ||     4
Armor: Scale mail        |     9 |       ||     9
       Chain mail        |    33 |     9 ||    42
       Plate armour      |       |    37 ||    37
Dodge: Dodged            |    26 |    24 ||    50
Block: Buckler           |    18 |    21 ||    39

Table legend: (Time is in decaauts)
 A = Elapsed time spent in this place.
 B = Non-inter-level travel time spent in this place.
 C = Inter-level travel time spent in this place.
 D = Time resting spent in this place.
 E = Time spent auto-exploring this place.
 F = Levels seen in this place.
 G = Mean time per level.
                   A        B        C        D        E       F      G
               +--------+--------+--------+--------+--------+-----+--------+
         Total |   3629 |   3562 |     67 |    884 |   1954 |   4 |  907.2 |
       Dungeon |   3629 |   3562 |     67 |    884 |   1954 |   4 |  907.2 |
               +--------+--------+--------+--------+--------+-----+--------+

Top non-repeatable levels by time:
     D:2: 1119 daAuts
     D:1: 1016 daAuts
     D:3: 908 daAuts
     D:4: 584 daAuts
